[Event "Titled Tuesday Blitz December 06 Early 2022"]
[White "Sagita, Catur Adi"]
[Black "Kravtsiv, Martyn"]
[WhiteFideId "7104618"]
[BlackFideId "14113147"]
[WhiteElo "2232"]
[BlackElo "2695"]
[Result "0-1"]
[Round "04"]
[TimeControl "180+1"]
[Date "2022.12.06"]
[WhiteClock "0:00:19"]
[BlackClock "0:00:44"]

1. d4 d5 2. Nf3 Nf6 3. c4 e6 4. Nc3 Nbd7 5. cxd5 exd5 6. Bg5 Bb4 7. e3 c5 8. Bd3 Qa5 9. O-O c4 10. Bf5 Bxc3 11. bxc3 Ne4 12. Bxe4 dxe4 13. Ne5 O-O 14. Nxd7 Bxd7 15. Be7 Rfe8 16. Bb4 Qd5 17. Kh1 Re6 18. f4 exf3 19. Qxf3 Qxf3 20. Rxf3 Bc6 21. Rg3 a5 22. Bc5 Be4 23. Kg1 h6 24. Rd1 Rd8 25. Rd2 Rd5 26. Rb2 Rf5 27. h3 g5 28. h4 f6 29. hxg5 fxg5 30. Rh3 Kh7 31. Bb6 Kg6 32. Bxa5 Rxa5 0-1


[Site "https://www.chess.com"]

[Event "Titled Tuesday Blitz December 06 Early 2022"]
[White "Sailer, Mike"]
[Black "Bashirli, Saadat"]
[WhiteFideId "2012901"]
[BlackFideId "13429990"]
[WhiteElo "2109"]
[BlackElo "1408"]
[Result "0-1"]
[Round "04"]
[TimeControl "180+1"]
[Date "2022.12.07"]
[WhiteClock "0:00:05"]
[BlackClock "0:01:13"]

1. Nf3 d5 2. c4 e6 3. g3 Nf6 4. Bg2 c6 5. O-O Nbd7 6. b3 Bd6 7. Bb2 O-O 8. d3 e5 9. Nbd2 Re8 10. e4 d4 11. Nh4 Nc5 12. Qe2 a5 13. Nf5 Bxf5 14. exf5 Rb8 15. g4 Qd7 16. g5 Nd5 17. cxd5 cxd5 18. f6 e4 19. dxe4 dxe4 20. Bxd4 Bxh2+ 21. Kxh2 Qxd4 22. fxg7 Qe5+ 23. Kg1 Qxg5 24. Qe3 Qh5 25. Rac1 Nd3 26. Rc7 Re6 27. Nxe4 Nb4 28. Qf4 Nd5 29. Qg3 Nxc7 30. Qxc7 Rbe8 31. Qf4 Qg6 32. Ng3 Qxg7 33. Rd1 Rf6 34. Qg4 Qxg4 0-1


[Site "https://www.chess.com"]

[Event "Titled Tuesday Blitz December 06 Early 2022"]
[White "Salem, A.R. Saleh"]
[Black "Laylo, Darwin"]
[WhiteFideId "9301348"]
[BlackFideId "5201330"]
[WhiteElo "2633"]
[BlackElo "2335"]
[Result "0-1"]
[Round "04"]
[TimeControl "180+1"]
[Date "2022.12.06"]
[WhiteClock "0:00:02"]
[BlackClock "0:00:04"]

1. d4 Nf6 2. c4 e6 3. Nf3 Bb4+ 4. Nbd2 O-O 5. a3 Be7 6. e4 d5 7. e5 Ne4 8. Bd3 Nxd2 9. Bxd2 dxc4 10. Bxc4 c5 11. h4 cxd4 12. Bd3 h6 13. Rh3 f5 14. exf6 Bxf6 15. Qe2 Nc6 16. Qe4 Qd5 17. Qh7+ Kf7 18. Rc1 e5 19. Bc4 Qxc4 20. Rxc4 Bxh3 21. gxh3 Rad8 22. Qe4 Rfe8 23. b4 Rd7 24. b5 Ne7 25. Rc5 Nc8 26. Nxe5+ Bxe5 27. Rxe5 Rxe5 28. Qxe5 Re7 29. Bf4 Nd6 30. a4 Nc4 31. Qxe7+ Kxe7 32. Ke2 h5 33. Kd3 Nb2+ 34. Kxd4 Nxa4 35. Bb8 a6 36. bxa6 bxa6 37. Be5 g6 38. Kd5 Nb6+ 39. Kc6 Nc4 40. Bc3 Ke6 41. Kc5 Nd6 42. Kb6 Ne4 43. Be1 Kf5 44. Kxa6 Kf4 45. Kb5 Kf3 46. Kc6 Nxf2 47. Kd6 Nxh3 48. Ke5 Kg4 49. Kf6 Nf4 50. Bd2 Ng2 51. Kxg6 Nxh4+ 52. Kf6 Nf3 53. Ba5 h4 54. Bc7 Ng5 55. Kg6 Ne4 56. Be5 Ng3 57. Bd4 Ne2 58. Be5 h3 59. Bh2 Ng3 60. Bg1 Kf3 61. Kg5 Kg2 62. Kg4 Ne2 63. Bh2 Kxh2 64. Kf3 Kg1 0-1


[Site "https://www.chess.com"]

[Event "Titled Tuesday Blitz December 06 Early 2022"]
[White "Salinas Herrera, Pablo"]
[Black "Pajeken, Jakob Leon"]
[WhiteFideId "3407128"]
[BlackFideId "12942839"]
[WhiteElo "2557"]
[BlackElo "2414"]
[Result "0-1"]
[Round "04"]
[TimeControl "180+1"]
[Date "2022.12.07"]
[WhiteClock "0:00:28"]
[BlackClock "0:01:00"]

1. e4 e5 2. Nf3 Nc6 3. Bb5 a6 4. Ba4 Be7 5. O-O Nf6 6. d3 b5 7. Bb3 d6 8. a3 O-O 9. Nc3 Na5 10. Ba2 c5 11. Nd5 Be6 12. c3 Nxd5 13. exd5 Bd7 14. b4 Nb7 15. Re1 f5 16. Bd2 Bf6 17. Rc1 a5 18. bxc5 Nxc5 19. d4 Nd3 20. dxe5 dxe5 21. c4 Nxc1 22. Bxc1 e4 23. Nd4 bxc4 24. Bxc4 Rc8 25. Nc6 Bxc6 26. dxc6+ Kh8 27. Bb5 Bc3 28. Rf1 f4 29. Qc2 Qd5 30. a4 Bf6 31. Rd1 Qf5 32. Re1 Rfe8 33. Bd2 Qg4 34. Bxa5 f3 35. g3 Re5 36. Bb6 Rxb5 0-1


[Site "https://www.chess.com"]

[Event "Titled Tuesday Blitz December 06 Early 2022"]
[White "Saravana, Krishnan P."]
[Black "Sanchez, Robert"]
[WhiteFideId "5018382"]
[BlackFideId "2034360"]
[WhiteElo "2190"]
[BlackElo "2346"]
[Result "1-0"]
[Round "04"]
[TimeControl "180+1"]
[Date "2022.12.07"]
[WhiteClock "0:02:35"]
[BlackClock "0:01:47"]

1. c4 Nf6 2. Nc3 e6 3. e4 d5 4. e5 Nfd7 5. d4 c6 6. Nf3 Be7 7. Bd3 O-O 8. O-O f6 9. Qc2 f5 10. b3 b6 11. cxd5 cxd5 12. Nb5 a6 13. Nc7 Nc5 14. Nxa8 Nxd3 15. Qxd3 Bb7 16. Nxb6 Qxb6 17. Bd2 Nc6 18. Rfc1 Ba3 19. Rc2 h6 20. Rb1 Ne7 21. b4 1-0


[Site "https://www.chess.com"]

[Event "Titled Tuesday Blitz December 06 Early 2022"]
[White "Sargissyan, Sargis"]
[Black "Borgaonkar Akshay"]
[WhiteFideId "13303210"]
[BlackFideId "25639110"]
[WhiteElo "2109"]
[BlackElo "2063"]
[Result "1/2-1/2"]
[Round "04"]
[TimeControl "180+1"]
[Date "2022.12.07"]
[WhiteClock "0:00:06"]
[BlackClock "0:00:03"]

1. e4 c6 2. Nf3 d5 3. Nc3 Nf6 4. e5 Ne4 5. Ne2 Qb6 6. d4 e6 7. Ng3 c5 8. Bd3 Nxg3 9. hxg3 c4 10. Be2 Nc6 11. c3 Bd7 12. Ng5 Be7 13. Bh5 g6 14. Bg4 Rf8 15. Nxh7 Rh8 16. Rh3 O-O-O 17. Qe2 Qc7 18. Bg5 Rxh7 19. Bxe7 Rxh3 20. Bxd8 Rh1+ 21. Kd2 Rxa1 22. Bxc7 Kxc7 23. Qf3 Nd8 24. Qf6 Rxa2 25. Kc2 Ba4+ 26. Kb1 Bb3 27. Qe7+ Kc8 28. Qc5+ Kd7 29. Qd6+ Kc8 30. f4 a5 31. Bf3 a4 32. g4 a3 33. bxa3 Rf2 34. f5 gxf5 35. gxf5 Rf1+ 36. Kb2 Rf2+ 37. Kc1 Rc2+ 38. Kb1 Rxc3 39. fxe6 fxe6 40. Qc5+ Nc6 41. Bg4 Re3 42. Bxe6+ Kb8 43. Bxd5 Re1+ 44. Kb2 Re2+ 45. Kb1 Re1+ 46. Kb2 Re2+ 47. Kb1 Re1+ 1/2-1/2


[Site "https://www.chess.com"]

[Event "Titled Tuesday Blitz December 06 Early 2022"]
[White "Sava, Christiansen-Danut-Eugen"]
[Black "Krzywda, Andrzej"]
[WhiteFideId "1210114"]
[BlackFideId "1114565"]
[WhiteElo "1904"]
[BlackElo "2149"]
[Result "0-1"]
[Round "04"]
[TimeControl "180+1"]
[Date "2022.12.07"]
[WhiteClock "0:00:13"]
[BlackClock "0:00:22"]

1. d4 Nf6 2. c4 c5 3. d5 b5 4. cxb5 a6 5. bxa6 g6 6. Nc3 Bg7 7. g3 O-O 8. Bg2 d6 9. Nf3 Nxa6 10. O-O Bf5 11. a4 Nb4 12. Nh4 Bc2 13. Qd2 Bb3 14. Ra3 Bc4 15. b3 Ba6 16. Re1 Qa5 17. Ra1 Rfb8 18. Ba3 Ra7 19. Red1 Nd7 20. Rab1 Rab7 21. Nf3 Qc7 22. Nb5 Bxb5 23. Bxb4 Ba6 24. Bc3 Rxb3 25. Rxb3 Rxb3 26. Bxg7 Kxg7 27. Qc2 Qb8 28. e4 f6 29. Nd2 Rb2 30. Qc3 Qb4 31. Qxb4 Rxb4 32. Ra1 c4 33. Bf1 Ne5 34. f4 Ng4 35. a5 Ne3 36. Bxc4 Nxc4 37. Nxc4 Rxc4 38. Re1 Ra4 39. e5 fxe5 40. fxe5 Rxa5 41. exd6 exd6 42. Re7+ Kg8 43. Ra7 Ra2 44. g4 Bc4 45. Rd7 Ra6 46. g5 Bxd5 47. Rd8+ Kg7 48. Rd7+ Bf7 49. Kf2 Ra3 50. Kg2 Rd3 51. h4 d5 52. Kh2 d4 53. Kg2 Rd2+ 54. Kf3 Kf8 55. Ke4 Rh2 56. Kxd4 Rd2+ 57. Ke5 Rxd7 58. h5 Rd5+ 59. Kf6 Rf5# 0-1


[Site "https://www.chess.com"]

[Event "Titled Tuesday Blitz December 06 Early 2022"]
[White "Schekachikhin, Maksim"]
[Black "Papasimakopoulos, Alexandros"]
[WhiteFideId "24177830"]
[BlackFideId "4244125"]
[WhiteElo "2272"]
[BlackElo "2384"]
[Result "0-1"]
[Round "04"]
[TimeControl "180+1"]
[Date "2022.12.07"]
[WhiteClock "0:02:04"]
[BlackClock "0:01:59"]

1. Nf3 d5 2. d4 Bf5 3. Bf4 e6 4. Nbd2 Bd6 5. e3 Nf6 6. Be2 O-O 7. O-O c5 8. c3 Nc6 9. h3 Bxf4 10. exf4 cxd4 11. cxd4 a5 12. Nb3 a4 13. Nc5 a3 14. b3 b6 15. Nd3 Qd6 16. Nde5 Nb4 17. Qd2 Ne4 18. Qd1 f6 19. Nd3 Nc3 20. Qd2 Nxe2+ 0-1


[Site "https://www.chess.com"]

[Event "Titled Tuesday Blitz December 06 Early 2022"]
[White "Shapiro, Daniel"]
[Black "Sadykov, Ramil"]
[WhiteFideId "2001780"]
[BlackFideId "24113590"]
[WhiteElo "2300"]
[BlackElo "2245"]
[Result "0-1"]
[Round "04"]
[TimeControl "180+1"]
[Date "2022.12.07"]
[WhiteClock "0:00:04"]
[BlackClock "0:00:48"]

1. d4 Nf6 2. c4 g6 3. Nc3 d5 4. Nf3 Bg7 5. Qb3 dxc4 6. Qxc4 O-O 7. e4 a6 8. e5 b5 9. Qb3 Nfd7 10. Be3 c5 11. e6 c4 12. Qc2 Nb6 13. exf7+ Kh8 14. Be2 Bf5 15. Qd1 Nc6 16. h4 b4 17. Nb1 Qd5 18. h5 Rad8 19. hxg6 Bxg6 20. Nh4 Be4 21. f3 Rxf7 22. fxe4 Qxe4 23. Qc1 Nxd4 24. Rh3 Nc2+ 0-1


[Site "https://www.chess.com"]

[Event "Titled Tuesday Blitz December 06 Early 2022"]
[White "Sharafiev, Azat"]
[Black "Mohammed, Dilshad"]
[WhiteFideId "4186214"]
[BlackFideId "5050421"]
[WhiteElo "2350"]
[BlackElo "2102"]
[Result "1-0"]
[Round "04"]
[TimeControl "180+1"]
[Date "2022.12.07"]
[WhiteClock "0:00:13"]
[BlackClock "0:00:03"]

1. Nf3 Nf6 2. c4 g6 3. Nc3 Bg7 4. e4 d6 5. d4 O-O 6. Be2 e5 7. O-O Nc6 8. d5 Ne7 9. Nd2 Ne8 10. b4 a5 11. Ba3 axb4 12. Bxb4 c5 13. dxc6 Nxc6 14. a3 Nd4 15. Nb3 Be6 16. Nxd4 exd4 17. Nb5 Rc8 18. Rc1 Qb6 19. Qd2 f5 20. exf5 Bxf5 21. Rcd1 Be6 22. Nxd4 Bxc4 23. Bxc4+ Rxc4 24. Ne6 Rf7 25. Qd5 Qc6 26. Nxg7 Qxd5 27. Rxd5 Kxg7 28. Re1 Nf6 29. Rxd6 Rc2 30. f3 Nh5 31. Rd2 Rc4 32. Red1 Nf4 33. g3 Nh3+ 34. Kg2 Ng5 35. f4 Ne4 36. Rd7 g5 37. Rxf7+ Kxf7 38. fxg5 Rc2+ 39. Kf3 Nxg5+ 40. Kg4 Ne4 41. Rd7+ Kg6 42. Rxb7 h5+ 43. Kf4 Nf2 44. Rb6+ Kf7 45. h4 Nd3+ 46. Kg5 Rg2 47. Bd6 Nf2 48. Kxh5 Ne4 49. Kg4 Rd2 50. Bf4 Rd4 51. Ra6 Nc5 52. Rc6 Ne6 53. Kf5 Rxf4+ 54. gxf4 Nd4+ 55. Kg5 Nxc6 56. h5 Kg7 57. h6+ Kh7 58. a4 Kg8 59. Kg6 Ne7+ 60. Kf6 Nd5+ 61. Ke5 Nb4 62. Kf5 Kf7 63. Kg5 Na6 64. a5 Nc5 65. f5 Na6 66. f6 Nc5 67. h7 Ne6+ 68. Kf5 Nd4+ 69. Ke4 Nc6 70. h8=Q 1-0


[Site "https://www.chess.com"]

[Event "Titled Tuesday Blitz December 06 Early 2022"]
[White "Shuvalov, Evgenij"]
[Black "Tsatsalashvili, Keti"]
[WhiteFideId "4187237"]
[BlackFideId "13603434"]
[WhiteElo "2049"]
[BlackElo "2220"]
[Result "0-1"]
[Round "04"]
[TimeControl "180+1"]
[Date "2022.12.07"]
[WhiteClock "0:00:01"]
[BlackClock "0:00:08"]

1. Nf3 Nf6 2. c4 e6 3. g3 d5 4. Bg2 d4 5. O-O c5 6. b4 cxb4 7. a3 bxa3 8. d3 Nc6 9. Qa4 Bd7 10. Bxa3 Bxa3 11. Qxa3 Qe7 12. Nbd2 Qxa3 13. Rxa3 e5 14. Rb1 Bc8 15. Ng5 Ke7 16. Nge4 Nd7 17. c5 f5 18. Nd6 Nxc5 19. Nxc8+ Rhxc8 20. Nc4 e4 21. Bh3 g6 22. dxe4 fxe4 23. Bxc8 Rxc8 24. Nd2 Ke6 25. f3 e3 26. Nb3 Nxb3 27. Rbxb3 b6 28. Rb5 Rc7 29. Ra1 Na5 30. Rd1 Rc4 31. f4 Nb7 32. Re5+ Kf6 33. Re4 Rc2 34. Rdxd4 Rxe2 35. Rd7 Nc5 36. Rd6+ Kf7 37. Re5 Rd2 38. Rc6 e2 39. Rc7+ Kf6 40. Rc6+ Kf7 41. Rc7+ Kf8 42. Rc8+ Kg7 43. Rc7+ Kh6 44. Ree7 Kh5 45. h3 h6 46. Kf2 Nd3+ 47. Kf3 e1=Q 48. Rxe1 Nxe1+ 49. Ke3 Ra2 50. Re7 Nc2+ 51. Kf3 Ra3+ 52. Kf2 g5 53. g4+ Kg6 54. Re6+ Kf7 55. f5 Rxh3 56. Rc6 Nd4 57. Rc7+ Kf6 58. Rxa7 b5 59. Rb7 Rh4 60. Rb6+ Ke5 61. Kg3 Rh1 62. Kg2 Re1 63. Rxh6 Re2+ 64. Kg3 Re4 65. Rb6 Re3+ 66. Kg2 Kf4 67. f6 Kxg4 68. f7 Re2+ 69. Kf1 Re6 70. f8=Q Rxb6 71. Qc5 Rf6+ 72. Kg2 Rf4 73. Qc8+ Kh5 74. Qe8+ Kh6 0-1


[Site "https://www.chess.com"]

[Event "Titled Tuesday Blitz December 06 Early 2022"]
[White "Sipila, Vilka"]
[Black "Iskusnyh, Sergei"]
[WhiteFideId "505455"]
[BlackFideId "4120027"]
[WhiteElo "2348"]
[BlackElo "2492"]
[Result "0-1"]
[Round "04"]
[TimeControl "180+1"]
[Date "2022.12.07"]
[WhiteClock "0:00:42"]
[BlackClock "0:00:19"]

1. b3 d5 2. Bb2 Bf5 3. e3 e6 4. f4 Nf6 5. Nf3 Be7 6. Bd3 c5 7. Bb5+ Nbd7 8. Bxd7+ Qxd7 9. Ne5 Qc7 10. g4 Bg6 11. g5 Nh5 12. Qg4 O-O-O 13. d3 Kb8 14. Nd2 Qa5 15. a3 Ka8 16. O-O-O c4 17. b4 Qa4 18. Nxg6 cxd3 19. cxd3 Rc8+ 20. Kb1 Qc2+ 21. Ka2 hxg6 22. Nb3 Qc6 23. Rc1 Qa6 24. Qe2 Bxb4 25. Rxc8+ Rxc8 26. Rc1 Rxc1 27. Nxc1 Bd6 28. Nb3 Qc6 29. Nd4 Qc8 30. Nb5 Bb8 31. Bd4 a6 32. Nc3 Ba7 33. Na4 Bxd4 34. exd4 Qc6 35. Nc5 Nxf4 36. Qe5 Nxd3 37. Qxg7 Nxc5 38. Qf8+ Ka7 39. dxc5 Qd7 40. Kb3 d4 41. Kc2 d3+ 42. Kd2 e5 43. c6 Qxc6 44. Kxd3 Qd5+ 45. Ke2 Qe4+ 46. Kd1 Qd3+ 47. Ke1 Qe3+ 48. Kf1 Qf3+ 49. Ke1 Qh1+ 50. Kf2 Qxh2+ 51. Kf1 Qf4+ 52. Ke2 Qe4+ 53. Kf2 Qf5+ 54. Ke2 e4 55. Qd8 Qf3+ 56. Kd2 Qd3+ 57. Qxd3 exd3 58. Kxd3 b5 59. Kd4 Kb6 60. Ke5 a5 61. Kd5 b4 62. axb4 axb4 63. Kc4 Kc6 64. Kb3 Kd5 65. Kxb4 Ke5 66. Kc3 Kf4 67. Kd2 Kxg5 68. Ke3 Kg4 69. Kf2 f5 70. Kg2 f4 71. Kf2 f3 72. Kg1 Kf4 73. Kf2 Ke4 74. Kg1 Ke3 75. Kf1 f2 76. Kg2 Ke2 77. Kh2 f1=Q 78. Kg3 Ke3 79. Kh4 Qg1 80. Kh3 Kf3 81. Kh4 Qg4# 0-1


[Site "https://www.chess.com"]

[Event "Titled Tuesday Blitz December 06 Early 2022"]
[White "Sjugirov, Sanan"]
[Black "Zemlyanskii, Ivan"]
[WhiteFideId "4189302"]
[BlackFideId "24249971"]
[WhiteElo "2613"]
[BlackElo "2107"]
[Result "1-0"]
[Round "04"]
[TimeControl "180+1"]
[Date "2022.12.06"]
[WhiteClock "0:01:36"]
[BlackClock "0:00:32"]

1. e4 c5 2. Nf3 d6 3. Bb5+ Nd7 4. d4 cxd4 5. O-O e5 6. c3 dxc3 7. Nxc3 Nf6 8. Bc4 h6 9. Qb3 Qe7 10. Be3 g6 11. Nb5 Nb6 12. Bxb6 axb6 13. Rac1 Ra5 14. Bxf7+ Kd8 15. Nxd6 Qxd6 16. Rfd1 Nxe4 17. Qxb6+ 1-0


[Site "https://www.chess.com"]

[Event "Titled Tuesday Blitz December 06 Early 2022"]
[White "Stijve, Theo"]
[Black "Matveeva, Olga"]
[WhiteFideId "1331132"]
[BlackFideId "24107018"]
[WhiteElo "2256"]
[BlackElo "2056"]
[Result "0-1"]
[Round "04"]
[TimeControl "180+1"]
[Date "2022.12.07"]
[WhiteClock "0:00:24"]
[BlackClock "0:00:16"]

1. e4 e6 2. d4 d5 3. exd5 exd5 4. Bd3 Nf6 5. Nf3 c5 6. Qe2+ Be6 7. Ng5 Qb6 8. Bf5 Nbd7 9. Bxe6 fxe6 10. Nxe6 Ne4 11. Nxc5 Nxc5 12. dxc5 Bxc5 13. f3 O-O 14. fxe4 Bf2+ 15. Kd1 dxe4 16. c3 Rad8+ 17. Kc2 e3 18. Na3 Qg6+ 19. Kb3 Qxg2 20. Bxe3 Qd5+ 21. Qc4 Bxe3 22. Qxd5+ Rxd5 23. Nc4 Bc5 24. Rhf1 Rxf1 25. Rxf1 g5 26. Kc2 Kg7 27. b4 Be7 28. a4 h5 29. Ne3 Re5 30. Nf5+ Kf8 31. Nd4+ Ke8 32. a5 g4 33. b5 h4 34. Rf4 g3 35. hxg3 hxg3 36. Rg4 Rg5 37. Rxg5 Bxg5 38. Nf3 Bf4 39. Kd3 Kd7 40. Ke4 Bc7 41. a6 bxa6 42. bxa6 Kc6 43. Nd2 Kb6 44. Kf3 Kxa6 45. Ne4 Kb5 46. Nd2 a5 47. c4+ Kb4 48. Nb1 a4 49. c5 Kxc5 50. Nd2 Kb4 51. Ne4 a3 52. Nf6 a2 53. Nd5+ Kb3 54. Nxc7 a1=Q 55. Nd5 Qd1+ 0-1


[Site "https://www.chess.com"]

[Event "Titled Tuesday Blitz December 06 Early 2022"]
[White "Sztokbant, Bernardo Vainzoff"]
[Black "Grot, Blazej"]
[WhiteFideId "2115956"]
[BlackFideId "21835845"]
[WhiteElo "2222"]
[BlackElo "1823"]
[Result "1-0"]
[Round "04"]
[TimeControl "180+1"]
[Date "2022.12.07"]
[WhiteClock "0:01:41"]
[BlackClock "0:00:53"]

1. e4 e5 2. Nf3 Nc6 3. Bb5 a6 4. Ba4 d6 5. O-O g6 6. d4 Bd7 7. dxe5 Nxe5 8. Bxd7+ Nxd7 9. Nc3 Bg7 10. Nd5 h6 11. Be3 Ngf6 12. Bd4 O-O 13. Re1 Nxd5 14. Bxg7 Kxg7 15. Qxd5 Re8 16. Qxb7 Rb8 17. Qxa6 Rxb2 18. Qc4 Qb8 19. Nd4 Ne5 20. Qc3 Rb6 21. f4 c5 22. Nf3 Kh7 23. fxe5 dxe5 24. Rad1 Rb2 25. a4 Qa7 26. Qxb2 c4+ 27. Kh1 c3 28. Qxc3 Qxa4 29. Qb3 Qc6 30. Qxf7+ 1-0


[Site "https://www.chess.com"]

[Event "Titled Tuesday Blitz December 06 Early 2022"]
[White "Tarlabasi, Emirhan"]
[Black "Dudzinski, Pawel"]
[WhiteFideId "6350275"]
[BlackFideId "1117890"]
[WhiteElo "2200"]
[BlackElo "2099"]
[Result "1/2-1/2"]
[Round "04"]
[TimeControl "180+1"]
[Date "2022.12.07"]
[WhiteClock "0:01:41"]
[BlackClock "0:00:11"]

1. Nf3 g6 2. c4 Bg7 3. d4 f5 4. b3 Nf6 5. Bb2 O-O 6. g3 d6 7. Bg2 Ne4 8. Nc3 Nxc3 9. Bxc3 c6 10. Qc2 Qe8 11. e4 f4 12. O-O Bg4 13. d5 fxg3 14. fxg3 Bxf3 15. Rxf3 Nd7 16. Bxg7 Rxf3 17. Bxf3 Kxg7 18. Bg4 Ne5 19. Be6 Qd8 20. Qf2 Qb6 21. Rf1 Qxf2+ 22. Rxf2 c5 23. Kg2 a6 24. a4 a5 25. Rf4 Ra6 26. Bc8 Rb6 27. h4 h5 28. g4 hxg4 29. Bxg4 Rxb3 30. h5 Rb4 31. hxg6 Nxg6 32. Rf5 Rxc4 33. Rg5 Kh6 34. Rh5+ Kg7 35. Rg5 Kf6 36. Rf5+ Kg7 37. Rg5 1/2-1/2


[Site "https://www.chess.com"]

[Event "Titled Tuesday Blitz December 06 Early 2022"]
[White "Tay, Junior"]
[Black "Salman, Pavel"]
[WhiteFideId "5800439"]
[BlackFideId "24153753"]
[WhiteElo "2216"]
[BlackElo "2187"]
[Result "0-1"]
[Round "04"]
[TimeControl "180+1"]
[Date "2022.12.07"]
[WhiteClock "0:00:21"]
[BlackClock "0:00:12"]

1. e4 d6 2. Nc3 Nf6 3. f4 g6 4. Nf3 Bg7 5. Bc4 O-O 6. d3 a6 7. f5 b5 8. Bb3 gxf5 9. O-O fxe4 10. dxe4 c5 11. Bd5 Ra7 12. e5 dxe5 13. Bg5 b4 14. Bxf6 exf6 15. Ne4 Rd7 16. c4 bxc3 17. Nxc3 Bb7 18. Bxb7 Rxd1 19. Raxd1 Qb6 20. Bd5 Qxb2 21. Ne4 f5 22. Nd6 e4 23. Ng5 Bd4+ 24. Kh1 Nd7 25. Ngxf7 Nf6 26. Bc4 Ng4 27. Ng5+ Kh8 28. Ngxe4 Ne3 29. Rd2 Qb6 30. Rdf2 Nxf1 31. Rxf1 Kg7 32. Nxf5+ Rxf5 33. Rxf5 Qb1+ 34. Rf1 Qxe4 35. h3 Be3 36. Rf7+ Kg6 37. Bd3 Qxd3 38. Rf3 Qb1+ 39. Kh2 Bd4 40. Kg3 Be5+ 41. Kg4 Qe4+ 0-1


[Site "https://www.chess.com"]

[Event "Titled Tuesday Blitz December 06 Early 2022"]
[White "Terzi, Alexei"]
[Black "Molina, Roberto Junio Brito"]
[WhiteFideId "13505076"]
[BlackFideId "2109450"]
[WhiteElo "2172"]
[BlackElo "2376"]
[Result "0-1"]
[Round "04"]
[TimeControl "180+1"]
[Date "2022.12.07"]
[WhiteClock "0:00:23"]
[BlackClock "0:00:45"]

1. e4 c6 2. d4 d5 3. exd5 cxd5 4. Bd3 Nc6 5. c3 g6 6. Nf3 Bf5 7. Be2 Bg7 8. O-O Nf6 9. h3 O-O 10. Bf4 Rc8 11. Nbd2 Ne4 12. Nxe4 Bxe4 13. Qb3 Na5 14. Qa3 a6 15. Nd2 Bf5 16. Bf3 Re8 17. Rfe1 Bf8 18. Qa4 b5 19. Qd1 Nc4 20. Nxc4 Rxc4 21. a3 Bc8 22. Qd2 Bb7 23. Bh6 Bg7 24. Bxg7 Kxg7 25. Re5 e6 26. g3 Rc7 27. h4 f6 28. Re3 e5 29. Rae1 e4 30. Bd1 f5 31. R3e2 Qd6 32. Qf4 Qxf4 33. gxf4 Kf6 34. Kh2 Rg7 35. Re3 h6 36. Rg1 g5 37. fxg5+ hxg5 38. hxg5+ Rxg5 39. Rxg5 Kxg5 40. Rg3+ Kf6 41. Rh3 Bc8 42. Rh6+ Kg5 43. Rd6 Kf4 44. Rxd5 Rh8+ 45. Kg2 e3 46. fxe3+ Kxe3 47. Bf3 Rg8+ 48. Kf1 Kxf3 49. Re5 f4 50. d5 Bh3+ 51. Ke1 Rg2 52. d6 Rxb2 53. Rh5 Bg4 54. Rg5 Rh2 55. Rg7 Rh6 56. d7 Re6+ 0-1


[Site "https://www.chess.com"]

[Event "Titled Tuesday Blitz December 06 Early 2022"]
[White "Timofeev, Artyom"]
[Black "Papp, Levente"]
[WhiteFideId "4140419"]
[BlackFideId "751243"]
[WhiteElo "2586"]
[BlackElo "2380"]
[Result "1-0"]
[Round "04"]
[TimeControl "180+1"]
[Date "2022.12.06"]
[WhiteClock "0:00:14"]
[BlackClock "0:00:01"]

1. d4 Nf6 2. Bf4 c5 3. e3 Qb6 4. b3 Nd5 5. Bg3 Qa5+ 6. Qd2 Qxd2+ 7. Kxd2 e6 8. c4 Nf6 9. Nc3 cxd4 10. exd4 Bb4 11. Bd3 d5 12. Ne2 dxc4 13. bxc4 O-O 14. Rhb1 Ba5 15. Ke3 Nc6 16. Ne4 Ng4+ 17. Kf3 f5 18. Nd6 e5 19. dxe5 Ncxe5+ 20. Bxe5 Nxe5+ 21. Ke3 f4+ 22. Nxf4 Rxf4 23. Kxf4 Nxd3+ 24. Ke3 Nb4 25. Nxc8 Rxc8 26. Rc1 Re8+ 27. Kf3 Nd3 28. Rd1 Ne5+ 29. Kg3 Bc7 30. Kh3 Re6 31. g3 Rc6 32. f4 Nxc4 33. Rd7 Nd6 34. Re1 Bb6 35. Ree7 Bd4 36. Re6 1-0


[Site "https://www.chess.com"]

[Event "Titled Tuesday Blitz December 06 Early 2022"]
[White "Tologon tegin, Semetei"]
[Black "De Arruda, Leandro Formes"]
[WhiteFideId "13800574"]
[BlackFideId "22722009"]
[WhiteElo "2264"]
[BlackElo "1880"]
[Result "1-0"]
[Round "04"]
[TimeControl "180+1"]
[Date "2022.12.07"]
[WhiteClock "0:01:17"]
[BlackClock "0:00:05"]

1. e4 e6 2. d4 d5 3. e5 c5 4. c3 Nc6 5. Nf3 Qb6 6. Be2 Bd7 7. O-O cxd4 8. cxd4 Nge7 9. Na3 Nf5 10. Nc2 Nb4 11. Ne3 Be7 12. Nxf5 exf5 13. a3 Nc6 14. b4 a6 15. Be3 Be6 16. Rc1 O-O 17. Qd2 f6 18. Rfe1 a5 19. b5 Na7 20. Qb2 Rac8 21. a4 Rxc1 22. Rxc1 Rc8 23. Bd3 Qd8 24. g3 Rxc1+ 25. Qxc1 Qc8 26. Qe1 b6 27. h4 Bb4 28. Qb1 Qd7 29. h5 Nc8 30. h6 g6 31. exf6 Nd6 32. Ne5 Qd8 33. Bg5 Kf8 34. Nc6 Qd7 35. Nxb4 axb4 36. Qxb4 Kf7 37. a5 bxa5 38. Qxa5 Nc4 39. Qb4 Qb7 40. Qc5 Bd7 41. Qe7+ Kg8 42. Qg7# 1-0


[Site "https://www.chess.com"]

[Event "Titled Tuesday Blitz December 06 Early 2022"]
[White "Topalov, Aleksandar"]
[Black "Hirneise, Jens"]
[WhiteFideId "925659"]
[BlackFideId "24614734"]
[WhiteElo "2151"]
[BlackElo "2345"]
[Result "1-0"]
[Round "04"]
[TimeControl "180+1"]
[Date "2022.12.07"]
[WhiteClock "0:00:04"]
[BlackClock "0:00:01"]

1. b3 d5 2. Bb2 Bf5 3. Nf3 c6 4. g3 Nf6 5. Bg2 h6 6. O-O e6 7. d3 Be7 8. Nbd2 Bh7 9. e4 O-O 10. Qe2 a5 11. a3 Na6 12. Ne5 d4 13. f4 Ne8 14. Nef3 c5 15. a4 Nb4 16. Nc4 Nd6 17. Nxd6 Qxd6 18. e5 Qd7 19. Bc1 Nd5 20. Bd2 b5 21. axb5 Qxb5 22. Ra2 Ra6 23. Rfa1 Rfa8 24. Ne1 a4 25. bxa4 Rxa4 26. Rxa4 Rxa4 27. Rxa4 Qxa4 28. Qd1 Nb4 29. Bxb4 Qxb4 30. Qe2 Bg6 31. Kf2 Bd8 32. Be4 Ba5 33. Bxg6 fxg6 34. Nf3 Qb1 35. Kg2 Kf7 36. Nh4 Qb7+ 37. Qf3 Qd5 38. Qxd5 exd5 39. Kf3 Bc7 40. Ke2 g5 41. Nf5 h5 42. e6+ Kxe6 43. Nxg7+ Kf7 44. Nxh5 Kg6 45. g4 gxf4 46. Kf3 Kg5 47. h4+ Kxh4 48. Nxf4 c4 49. Nxd5 cxd3 50. cxd3 Be5 51. Ke4 Bg7 52. Kf5 Kg3 53. g5 Kf3 54. g6 Bh8 55. Ke6 Ke2 56. Nb4 Ke3 57. Kf7 1-0


[Site "https://www.chess.com"]

[Event "Titled Tuesday Blitz December 06 Early 2022"]
[White "Tsyhanchuk, Stanislav"]
[Black "Turzo, Attila"]
[WhiteFideId "13505130"]
[BlackFideId "704954"]
[WhiteElo "2173"]
[BlackElo "2491"]
[Result "1-0"]
[Round "04"]
[TimeControl "180+1"]
[Date "2022.12.07"]
[WhiteClock "0:00:12"]
[BlackClock "0:00:07"]

1. e4 e5 2. Nf3 Nc6 3. Bc4 Nf6 4. d3 Bc5 5. c3 a6 6. a4 Ba7 7. O-O d6 8. h3 h6 9. Be3 O-O 10. Nbd2 Re8 11. Qb3 Qe7 12. Qc2 Be6 13. b4 Nb8 14. Rfe1 Nbd7 15. Nf1 Nf8 16. Ng3 Ng6 17. Nf5 Qd7 18. Bxe6 fxe6 19. Ng3 d5 20. Bxa7 Rxa7 21. Rad1 Raa8 22. Qb3 Qf7 23. c4 c6 24. b5 axb5 25. axb5 Nd7 26. bxc6 bxc6 27. cxd5 cxd5 28. Rc1 Rab8 29. Qa2 Nf4 30. Rc7 Nxd3 31. Rd1 Nb4 32. Qa7 Rbd8 33. Nxe5 Qf4 34. Nxd7 dxe4 35. Rf1 Nd5 36. Rb7 Ra8 37. Qd4 Re7 38. Nh5 Qg5 39. Ng3 Rd8 40. Nxe4 Qg6 41. Ndf6+ gxf6 42. Nxf6+ Qxf6 43. Qxf6 Nxf6 44. Rxe7 Rd6 45. Re1 Nd5 46. R7xe6 Rd7 47. R6e5 Nf6 48. Re6 Kf7 49. g3 Rc7 50. R6e3 Rc6 51. Rf3 Kg6 52. Kg2 h5 53. Rfe3 Rb6 54. Re6 Rb2 55. R1e3 Rb8 56. Rf3 Rf8 57. Rexf6+ Rxf6 58. Rxf6+ Kxf6 59. g4 Kg5 60. Kg3 hxg4 61. hxg4 1-0


[Site "https://www.chess.com"]